Map: Cerulean Fall LE

Players

TMTC - Winner!

  • Race: Zerg Zerg
  • Spawn Location: 1:00

Infy

  • Race: Protoss Protoss
  • Spawn Location: 7:00

VOD

Have the link to the VOD?

Description

Time

  • Played on: Jan. 20, 2019, 12:21 p.m.
  • Length: 10:39
Show
View Real Time Build Order
Export as new Build Order

TMTC Zerg - Winner!

Build Orders: Hatch First, Roach Hydra 

Get SALT Encoding   

  12  0:01  Drone  
  13  0:12  Overlord  
  13  0:18  Drone  
  14  0:31  Drone x2  
  14  0:34  Drone  
  17  0:50  Drone  
  18  0:57  Hatchery  
  18  1:03  Drone  
  18  1:14  Spawning Pool  
  17  1:19  Overlord  
  17  1:24  Drone  
  18  1:30  Extractor  
  17  1:40  Drone x2  
  19  1:55  Drone  
  20  2:01  Queen  
  20  2:04  Overlord  
  22  2:09  Queen  
  22  2:11  Drone x2  
  26  2:21  Zergling x2  
  27  2:23  Drone  
  28  2:34  Overlord  
  28  2:48  Overlord x2  
  28  2:56  Drone x2  
  28  2:57  Drone  
  31  2:59  Metabolic Boost  
  31  3:09  Zergling x4  
  33  3:14  Spine Crawler  
  32  3:29  Zergling x4  
  32  3:30  Drone, Roach Warren  
  32  3:31  Drone x4  
  37  3:42  Lair  
  37  3:44  Extractor  
  37  3:46  Spore Crawler  
  35  3:50  Spore Crawler  
  34  4:03  Drone  
  34  4:04  Overlord  
  34  4:05  Drone  
  34  4:06  Hatchery  
  35  4:17  Drone  
  35  4:18  Drone x4  
  41  4:31  Roach  
  41  4:32  Roach x3  
  46  4:38  Extractor  
  46  4:41  Glial Reconstitution  
  45  4:47  Evolution Chamber  
  45  4:48  Drone x3  
  48  5:00  Drone x4  
  48  5:02  Evolution Chamber  
  50  5:15  Drone x4  
  50  5:16  Overlord  
  50  5:18  Overlord  
  54  5:22  Zerg Missile Weapons Level 1  
  54  5:25  Overseer  
  54  5:52  Zerg Ground Armor Level 1  
  54  5:53  Queen  
  54  5:55  Drone x10  
  54  5:56  Drone  
  67  6:08  Hydralisk Den  
  66  6:14  Roach  
  66  6:15  Roach x5  
  78  6:28  Roach  
  78  6:29  Roach x4  
  78  6:30  Roach  
  90  6:36  Overlord x2  
  90  6:46  Grooved Spines  
  90  6:52  Extractor  
  89  6:55  Extractor  
  89  6:58  Drone x10  
  89  6:59  Drone x2  
  100  7:06  Extractor  
  99  7:15  Tunneling Claws, Hatchery  
  98  7:18  Zerg Missile Weapons Level 2  
  98  7:28  Roach  
  98  7:29  Roach x8  
  106  7:46  Roach x5  
  114  7:53  Overlord x6  
  114  8:00  Zerg Ground Armor Level 2  
  114  8:18  Hydralisk  
  114  8:19  Hydralisk x4  
  124  8:20  Hatchery  
  121  8:40  Hydralisk  
  121  8:41  Hydralisk x6  
  119  8:42  Hydralisk  
  129  8:50  Drone x4  
  125  9:13  Muscular Augments  
  125  9:14  Roach x2  
  125  9:15  Roach x5  
  127  9:42  Queen, Infestation Pit  
  127  9:43  Drone x9  
  127  9:44  Drone x6  
  143  9:51  Overseer  
  141  10:11  Roach x5  
  141  10:12  Roach x7  
  141  10:13  Overlord  
Show
View Real Time Build Order
Export as new Build Order

Infy Protoss 

Build Orders:  

Get SALT Encoding   

  12  0:01  Probe  
  13  0:13  Probe  
  14  0:20  Pylon  
  14  0:25  Probe  
  15  0:35  Probe  
  15  0:39  Gateway  
  16  0:43  Probe  
  17  0:52  Probe  
  18  1:04  Probe  
  18  1:09  Assimilator  
  19  1:16  Probe  
  20  1:18  Pylon  
  20  1:27  Cybernetics Core  
  20  1:28  Probe  
  21  1:40  Probe  
  22  1:51  Zealot  
  22  1:52  Probe  
  25  2:01  Probe  
  25  2:03  Nexus  
  26  2:09  Probe  
  27  2:19  Probe  
  27  2:20  Pylon  
  28  2:22  Warp Gate  
  28  2:31  Gateway, Probe  
  28  2:36  Adept  
  29  2:43  Probe  
  31  2:55  Probe  
  32  3:02  Adept  
  32  3:07  Probe  
  35  3:18  Probe  
  35  3:19  Probe  
  37  3:30  Probe  
  38  3:35  Stalker  
  38  3:36  Stalker  
  38  3:37  Probe  
  43  3:42  Probe  
  43  3:45  Shield Battery  
  44  3:48  Forge  
  44  3:49  Probe  
  44  3:55  Probe  
  46  4:01  Probe  
  47  4:05  Stalker  
  47  4:06  Stalker  
  47  4:07  Gateway, Probe  
  47  4:08  Gateway  
  52  4:14  Gateway  
  52  4:15  Probe  
  53  4:18  Assimilator  
  53  4:19  Probe  
  54  4:43  Assimilator  
  54  4:47  Assimilator  
  54  4:51  Pylon  
  54  4:53  Pylon  
  54  4:59  Shield Battery  
  54  5:09  Probe  
  54  5:11  Sentry  
  54  5:14  Stalker  
  59  5:15  Zealot x3  
  66  5:21  Probe  
  66  5:40  Photon Cannon  
  66  5:43  Protoss Ground Weapons Level 1  
  66  5:49  Probe  
  67  5:50  Phoenix  
  67  5:58  Nexus  
  67  6:01  Probe, Pylon  
  67  6:02  Stalker  
  67  6:03  Pylon  
  70  6:05  Pylon  
  70  6:09  Twilight Council  
  70  6:11  Pylon  
  70  6:14  Pylon  
  70  6:17  Pylon  
  70  6:28  Probe  
  71  6:34  Probe  
  71  6:36  Charge  
  72  6:40  Probe  
  73  6:50  Zealot x5  
  83  7:12  Photon Cannon  
  83  7:15  Photon Cannon  
  83  7:18  Pylon  
  83  7:19  Probe  
  75  7:31  Probe  
  64  7:43  Stalker x4  
  64  7:44  Stalker  
  64  7:49  Probe  
  64  7:55  Probe  
  65  8:01  Probe  
  65  8:03  Pylon  
  65  8:05  Pylon  
  66  8:07  Probe, Pylon  
  66  8:10  Gateway  
  67  8:12  Gateway  
  67  8:19  Probe  
  68  8:20  Stargate  
  62  8:42  Probe  
  57  8:48  Stalker x3  
  57  8:49  Stalker  
  57  8:54  Probe  
  60  9:00  Stalker  
  62  9:06  Stalker  
  57  9:25  Stalker x4  
  57  9:26  Stalker  
  57  9:30  Void Ray  
  64  9:33  Zealot  
  64  9:36  Probe  
  64  9:37  Probe  
  64  9:38  Probe  
  73  9:50  Probe  
  74  9:54  Probe  
  74  9:58  Assimilator  
  75  10:03  Assimilator  
  75  10:05  Photon Cannon  
  75  10:06  Probe  
  64  10:16  Stalker x3  
  64  10:17  Stalker, Zealot  
Tags
 
Composition
Roach Hydra
Matchup
PvZ
Spawn Locations
Cross Positions
Add a new tag
Caveats
  • Supply blocks, unpowered buildings, or Contaminate may cause inaccurate times.
  • Supply counts are checked every 10 seconds.